 Dungeon Crawl Stone Soup version 0.21-a0-286-g6fcecc0 (webtiles) character file.

178 nikopol the Chopper (level 5, -6/47 HPs)
             Began as a Minotaur Fighter on Sept 26, 2017.
             Mangled by a bullfrog (7 damage)
             ... in a sewer.
             The game lasted 00:04:46 (1907 turns).

nikopol the Chopper (Minotaur Fighter)              Turns: 1907, Time: 00:04:47

Health: -6/47      AC:  9    Str: 21    XL:     5   Next: 32%
Magic:  4/4        EV:  5    Int:  5    God:
Gold:   79         SH:  9    Dex: 10    Spells: 4/4 levels left

rFire    . . .     SeeInvis .   a - +0 war axe
rCold    . . .     Gourm    .   c - +0 shield
rNeg     . . .     Faith    .   u - +3 ring mail
rPois    .         Spirit   .   (helmet restricted)
rElec    .         Reflect  .   (no cloak)
rCorr    .         Harm     .   (no gloves)
MR       .....                  (no boots)
Stlth    ..........             (no amulet)
HPRegen  0.15/turn              (no ring)
MPRegen  0.09/turn              (no ring)

@: lethally poisoned (-6 -> -12), constricted, very slow
A: retaliatory headbutt, horns 2
a: no special abilities


You were in a sewer.
You were not hungry.

You visited 1 branch of the dungeon, and saw 3 of its levels.
You also visited: Sewer.

You collected 79 gold pieces.

Inventory:

Hand Weapons
 a - a +0 war axe (weapon)
Armour
 b - a +0 scale mail
 c - a +0 shield (worn)
 u - a +3 ring mail (worn)
Jewellery
 r - an uncursed ring of resist corrosion {unknown}
 v - an uncursed ring of fire {unknown}
Scrolls
 e - a scroll of fog {unknown}
 i - 2 scrolls of teleportation
 k - a scroll of recharging
 l - 3 scrolls of magic mapping {unknown}
 n - a scroll of blinking {unknown}
 t - a scroll of identify {unknown}
Potions
 d - a potion of might
 j - 3 potions of magic {unknown}
 o - 2 potions of brilliance {unknown}
 p - a potion of degeneration {unknown}
 q - a potion of ambrosia {unknown}
 s - 2 potions of flight {unknown}
 w - a potion of curing {unknown}
 x - 2 potions of heal wounds {unknown}
Comestibles
 f - 5 bread rations
 g - a fruit
 h - a chunk of flesh
 m - a royal jelly


   Skills:
 + Level 4.4 Fighting
 + Level 4.6 Axes
 + Level 4.5 Armour
 + Level 0.7 Dodging
 + Level 0.1 Stealth
 + Level 4.5 Shields


You had 4 spell levels left.
You didn't know any spells.

Dungeon Overview and Level Annotations

Branches:
Dungeon (3/15)

Altars:
Cheibriados
Xom
Yredelemnul


Innate Abilities, Weirdness & Mutations

You reflexively headbutt those who attack you in melee.
You have a pair of horns on your head.


Message History

The bullfrog hits you but does no damage.
The ball python bites you but does no damage.
The bullfrog hits you but does no damage.
The adder bites you but does no damage. x2; The bullfrog hits you.
* * * LOW HITPOINT WARNING * * *
You block the ball python's attack. The ball python constricts you.
The ball python bites you but does no damage.
The bullfrog barely misses you.
You hit the bullfrog. Your headbutt misses the bullfrog.
The bullfrog is heavily wounded.
You closely miss the ball python. You closely miss the bullfrog.
You hit the ball python.
You kill the ball python!
You barely miss the adder. You miss the adder.
* * * LOW HITPOINT WARNING * * *
You feel sick. You block the adder's attack.
The bullfrog hits you but does no damage.
You block the adder's attack. The ball python completely misses you.
The ball python constricts you. The bullfrog hits you!
You die...

.....#
.....##
#......
......#
......
#≈≈..##
##.≈≈.##
≈≈≈≈≈≈#
#≈≈#≈≈≈#
≈≈≈≈≈≈#
#≈≈≈≈≈≈#
≈≈≈≈≈≈#
#≈≈≈≈≈≈#
≈≈≈≈≈≈#
#≈≈SFS≈#
≈≈≈≈≈≈#
#≈≈F@S≈#
≈≈≈≈≈≈#
#≈≈≈#l≈#
≈≈≈≈≈≈#
#≈≈≈≈.≈#
#≈..≈≈#
#≈≈≈≈.≈#
...(.≈#
#≈≈≈≈≈≈#
≈.≈..≈#
#≈≈≈≈#≈#
≈≈≈≈≈≈#
#≈≈≈≈≈≈#
≈≈≈≈≈≈#
#≈≈≈≈≈≈#
≈≈≈††≈#
#≈≈≈≈≈≈#


You could see 2 bullfrogs, 2 adders, a ball python and a frilled lizard.

Vanquished Creatures
  7 adders
  A gnoll (D:1)
  2 river rats (Sewer)
  3 worms (D:2)
  A dart slug (D:1)
  An orc (D:3)
  3 bats (D:1)
  4 giant cockroaches
  3 goblins
  8 hobgoblins
  7 kobolds
  4 quokkas (D:2)
  12 ball pythons
  3 frilled lizards
  29 rats
88 creatures vanquished.

Vanquished Creatures (others)
  A plant (D:2)
1 creature vanquished.

Grand Total: 89 creatures vanquished

Notes
Turn   | Place    | Note
-------+----------+-------------------------------------------
     0 | D:1      | nikopol the Minotaur Fighter began the quest for the Orb.
     0 | D:1      | Reached XP level 1. HP: 19/19 MP: 0/0
   203 | D:1      | Reached XP level 2. HP: 27/27 MP: 1/1
   367 | D:1      | Reached XP level 3. HP: 33/33 MP: 2/2
   790 | D:2      | Found a basalt altar of Yredelemnul.
   858 | D:2      | Reached XP level 4. HP: 21/40 MP: 3/3
  1046 | D:2      | Found a shimmering altar of Xom.
  1136 | D:2      | Found a snail-covered altar of Cheibriados.
  1489 | D:3      | Found a glowing drain.
  1512 | Sewer    | Entered a sewer
  1650 | Sewer    | Reached XP level 5. HP: 33/46 MP: 4/4
  1906 | Sewer    | HP: 1/47 [bullfrog (3)]
  1907 | Sewer    | Mangled by a bullfrog

Vault maps used:
D:1:      dpeg_arrival_ternary, minmay_cupped
D:2:      wad_woods_stonehenge, yredelemnul_altar_generic,
          nicolae_overflow_crystal_walls, first_bread
D:3:      vehumet_crystals, chequers_ecumenical_altar_simple,
          gup_sewer_entry_glass
Sewer:    sewer_minmay_w

Skill      XL: |  1  2  3  4 |
---------------+-------------+-----
Fighting       | 4 |  4.4
Shields        | 4 |  4.5
Axes           | 3 4 |  4.6
Armour         | 4 |  4.5
Dodging        | |  0.7
Stealth        | |  0.1

Action                   |  1- 3 |  4- 6 || total
-------------------------+-------+-------++-------
Melee: War axe           |    70 |   103 ||   173
       Headbutt          |    10 |     9 ||    19
  Use: Scroll            |       |     3 ||     3
  Eat: Chunk             |       |     4 ||     4
Armor: Scale mail        |    24 |    10 ||    34
       Ring mail         |       |    80 ||    80
Dodge: Dodged            |    23 |    60 ||    83
Block: Shield            |    43 |    90 ||   133

Table legend:
 A = Spawn XP
 B = Non-spawn XP
 C = Spawn XP percentage of total XP
 D = Spawn monster count
 E = Non-spawn monster count
 F = Spawn count percentage of total count
 G = Total turns spent on level
                    A         B        C        D         E        F      G
               +---------+---------+-------+---------+---------+-------+---------
         Total |       0 |     255 |   0.0 |       0 |      88 |   0.0 |  1907
               +---------+---------+-------+---------+---------+-------+---------
           D:1 |       0 |      50 |   0.0 |       0 |      22 |   0.0 |   636
           D:2 |       0 |      65 |   0.0 |       0 |      19 |   0.0 |   845
           D:3 |       0 |      32 |   0.0 |       0 |       5 |   0.0 |    31
         Sewer |       0 |     108 |   0.0 |       0 |      42 |   0.0 |   395
               +---------+---------+-------+---------+---------+-------+---------
